 Dungeon Crawl Stone Soup version 0.21-a0-84-g85d6d27 (webtiles) character file.

258 Lianjan the Insei (level 5, 0/41 HPs)
             Began as a Demonspawn Monk on June 25, 2017.
             Succumbed to a kobold's poison
             ... in a sewer.
             The game lasted 00:13:47 (3195 turns).

Lianjan the Insei (Demonspawn Monk)                 Turns: 3195, Time: 00:13:48

Health: 0/41       AC:  6    Str: 11      XL:     5   Next: 94%
Magic:  2/5        EV: 10    Int: 11      God:
Gold:   97         SH:  0    Dex:  8 (15) Spells: 4/4 levels left

rFire    . . .     SeeInvis .     - Unarmed
rCold    . . .     Gourm    .   (no shield)
rNeg     . . .     Faith    .   h - +0 ring mail
rPois    .         Spirit   +   (no helmet)
rElec    .         Reflect  .   (no cloak)
rCorr    .         Harm     .   (no gloves)
MR       .....                  (no boots)
Stlth    ++........             (no amulet)
HPRegen  0.13/turn              (no ring)
MPRegen  0.18/turn              (no ring)

@: lethally poisoned (0 -> -9), berserk cooldown, slowed, very slow
A: nightstalker 1, shaggy fur 1, weak 1, magic shield, magic regeneration, no
potion heal 1
a: no special abilities


You were in a sewer.
You were hungry.

You visited 1 branch of the dungeon, and saw 3 of its levels.
You also visited: Sewer.

You collected 97 gold pieces.

Inventory:

Missiles
 c - 103 stones (quivered)
 s - 10 poisoned needles
Armour
 a - a +0 robe
 g - a +0 leather armour
 h - a +0 ring mail (worn)
 m - a +0 scale mail
Scrolls
 k - 2 scrolls of teleportation
 p - 2 scrolls of identify
 q - 4 scrolls of remove curse
Comestibles
 b - 2 bread rations
 d - 2 royal jellies
 j - 2 chunks of flesh


   Skills:
 - Level 3.0 Fighting
 - Level 2.6 Dodging
 - Level 1.7 Stealth
 + Level 6.1 Unarmed Combat


You had 4 spell levels left.
You didn't know any spells.

Dungeon Overview and Level Annotations

Branches:
Dungeon (3/15)

Altars:


Innate Abilities, Weirdness & Mutations

You are slightly more attuned to the shadows.
When hurt, damage is shared between your health and your magic reserves.
You regenerate magic rapidly.
You are covered in fur. (AC +1)
You are weak. (Str -2)
Potions are less effective at restoring your health.


Message History

* * * LOW HITPOINT WARNING * * *
You see here 2 poisoned needles.
You feel sick.
The kobold splashes around in the water.
The kobold hits you with an uncursed dagger.
You see here a poisoned needle.
You feel sick.
The kobold unwields an uncursed dagger.
The kobold wields an uncursed blowgun.
The kobold shoots a poisoned needle.
The poisoned needle hits you!
You are lethally poisoned!
The big kobold hits you but does no damage.
Items here: (( )) an uncursed short sword; an uncursed blowgun; 3 poisoned needles; 2 stones
* * * LOW HITPOINT WARNING * * *
You feel sick.
Items here: )))) ††††
* * * LOW HITPOINT WARNING * * *
You feel sick. The big kobold hits you.
* * * LOW HITPOINT WARNING * * *
You die...

***,,,≈.'.......'.≈,,,*
*∩,,,,≈,'.§._.§.',≈,,,,
***,,,≈,'K......',≈,,,*
***,,,**K.§..#*,,,***
*******..5#******
#############†##********
#≈≈.#≈≈≈≈≈≈#...#≈≈≈≈≈≈*,
#(..)≈≈≈≈≈≈.....≈≈≈≈≈,,,
#(((#K.@(.)#(≈.#....,,*,
##(##)#######≈##*###*'**
#≈.≈#).....#≈≈≈#....,,*≈
#(≈≈#≈≈.≈..#≈≈≈#..≈≈≈,*≈
#≈≈≈#≈≈≈≈≈...≈...≈≈≈≈≈*≈
#≈≈≈#≈≈≈≈≈≈#≈.≈#≈≈≈≈≈≈*≈
#≈≈≈#≈≈≈≈≈≈≈.≈.#≈≈≈≈≈≈*≈
#≈≈≈#≈≈≈≈≈≈#.≈.#≈≈≈≈≈≈*≈
#≈≈≈#≈≈≈≈≈≈#.≈.≈≈≈≈≈≈≈*≈


You could see a big kobold (inner flame).

Vanquished Creatures
  A big kobold (Sewer)
  A quasit (Sewer)
  A big kobold zombie (Sewer)
  3 adders
  3 shadow imps (Sewer)
  2 oozes
  5 worms
  3 dart slugs
  2 leopard geckos
  3 ball pythons
  10 bats
  2 giant cockroaches (Sewer)
  4 goblins
  6 hobgoblins
  2 frilled lizards
  15 kobolds
  A kobold zombie (Sewer)
  7 rats
71 creatures vanquished.

Notes
Turn   | Place    | Note
-------+----------+-------------------------------------------
     0 | D:1      | Lianjan the Demonspawn Monk began the quest for the Orb.
     0 | D:1      | Reached XP level 1. HP: 18/18 MP: 1/1
    37 | D:1      | Reached skill level 3 in Unarmed Combat
   240 | D:1      | Gained mutation: You are slightly more attuned to the shadows. [demonic ancestry]
   240 | D:1      | Reached XP level 2. HP: 23/24 MP: 2/2
   759 | D:2      | Reached XP level 3. HP: 28/29 MP: 3/3
  1114 | D:2      | Reached skill level 4 in Unarmed Combat
  2111 | D:2      | Gained mutation: When hurt, damage is shared between your health and your magic reserves. [demonic ancestry]
  2111 | D:2      | Reached XP level 4. HP: 31/35 MP: 4/4
  2230 | D:3      | Found a glowing drain.
  2351 | Sewer    | Entered a sewer
  2805 | Sewer    | Reached skill level 5 in Unarmed Combat
  3034 | Sewer    | Gained mutation: You regenerate magic rapidly. [demonic ancestry]
  3034 | Sewer    | Reached XP level 5. HP: 39/41 MP: 3/5
  3068 | Sewer    | Found a burning altar of Makhleb.
  3153 | Sewer    | Gained mutation: Potions are less effective at restoring your health. [potion of mutation]
  3153 | Sewer    | Gained mutation: You are weak. (Str -2) [potion of mutation]
  3153 | Sewer    | Gained mutation: You are covered in fur. (AC +1) [potion of mutation]
  3156 | Sewer    | Reached skill level 6 in Unarmed Combat
  3194 | Sewer    | HP: 2/41 [poisoned by a kobold]
  3195 | Sewer    | Succumbed to a kobold's poison

Vault maps used:
D:1:      dpeg_arrival_tiny_j, hangedman_decor_clover_reticule,
          interstate_on_off, lemuel_another_geyser
D:3:      okawaru_gym_becter, marbit_many_paths, cheibriados_altar_1,
          nicolae_overflow_crystal_walls, cheibrodos_sewer_entry_bend,
          hangedman_feature_mirror
Sewer:    kennysheep_sewer_church

Skill      XL: |  1  2  3  4  5 |
---------------+----------------+-----
Unarmed Combat | 3 4 5 6 |  6.1
Fighting       | |  3.0
Dodging        | |  2.6
Stealth        | |  1.7

Action                   |  1- 3 |  4- 6 || total
-------------------------+-------+-------++-------
Melee: Unarmed           |   179 |   191 ||   370
       Punch             |     1 |     1 ||     2
Throw: Stone             |     1 |     4 ||     5
  Use: Scroll            |       |     6 ||     6
       Potion            |       |     6 ||     6
 Stab: Sleeping          |     5 |       ||     5
  Eat: Chunk             |     3 |     4 ||     7
Armor: Robe              |     2 |       ||     2
       Leather armour    |     5 |       ||     5
       Ring mail         |    56 |   116 ||   172
Dodge: Dodged            |   104 |   162 ||   266
